 Dungeon Crawl Stone Soup version 0.27.0 (webtiles) character file.

Game seed: 5411981238387304761

23 emm the Ducker (level 2, -2/22 HPs)
             Began as a Demonspawn Gladiator on July 31, 2021.
             Slain by a gnoll (9 damage)
             ... on level 1 of the Dungeon.
             The game lasted 00:01:19 (753 turns).

emm the Ducker (Demonspawn Gladiator)                Turns: 753, Time: 00:01:19

Health: -2/22      AC:  4    Str: 14    XL:     2   Next: 72%
Magic:  2/2        EV: 12    Int:  9    God:
Gold:   0          SH:  0    Dex: 14    Spells: 1/1 levels left

rFire    . . .     SeeInvis .   a - +0 war axe
rCold    . . .     Faith    .   (no shield)
rNeg     . . .     Spirit   .   b - +0 leather armour
rPois    .         Reflect  .   c - +0 helmet
rElec    .         Harm     .   (no cloak)
rCorr    .         Rampage  .   (no gloves)
Will     .....                  (no boots)
Stlth    +.........             (no amulet)
HPRegen  0.07/turn              (no ring)
MPRegen  0.08/turn              (no ring)

@: no status effects
A: ignite blood 1
a: no special abilities


You were on level 1 of the Dungeon.
You visited 1 branch of the dungeon, and saw 1 of its levels.

Inventory:

Hand Weapons
 a - a +0 war axe (weapon)
Missiles
 d - a throwing net (quivered)
Armour
 b - a +0 leather armour (worn)
 c - a +0 helmet (worn)
Scrolls
 e - a scroll of silence {unknown}
 g - a scroll of enchant armour {unknown}
 h - a scroll of teleportation {unknown}
 j - a scroll of fear {unknown}
Potions
 f - a potion of ambrosia {unknown}
 i - 2 potions of curing {unknown}


   Skills:
 + Level 2.0 Fighting
 + Level 3.0 Axes
 + Level 1.7 Throwing
 + Level 0.6 Armour
 + Level 3.1 Dodging


You had one spell level left.
You didn't know any spells.
Your spell library contained the following spells:

 Spells                   Type           Power      Damage    Failure   Level
 Foxfire                  Conj/Fire      0%         2x1d4     45%         1
 Conjure Flame            Conj/Fire      0%         6-21      83%         3
 Inner Flame              Hex/Fire       0%         N/A       83%         3


Dungeon Overview and Level Annotations

Branches:
Dungeon (1/15)

Altars:


Innate Abilities, Weirdness & Mutations

Your demonic aura sometimes causes spilled blood to erupt in flames.


Message History

The kobold shouts!
There is an open door here.
You hit the kobold.
The kobold is severely wounded.
The kobold hits you but does no damage.
You closely miss the kobold.
The kobold is severely wounded.
The kobold hits you but does no damage.
You slash the kobold!
You kill the kobold!
The quokka bites you but does no damage.
You hit the quokka but do no damage. The quokka misses you.
You completely miss the quokka. The quokka closely misses you.
The quokka bites you but does no damage.
You closely miss the quokka. The quokka completely misses you.
You hit the quokka.
The quokka is severely wounded.
The quokka barely misses you. The quokka completely misses you.
You slash the quokka!
You kill the quokka!
You slash the endoplasm!
You kill the endoplasm!
The gnoll hits you with a +0 spear.
You closely miss the gnoll. The gnoll hits you with a +0 spear!
You barely miss the gnoll. The gnoll hits you with a +0 spear.
The gnoll barely misses you.
Throw: 3 throwing nets
Press: ? - help, Q - select action Shift-Dir - straight line, f - gnoll
Aim: a gnoll, wielding a +0 spear (63% to hit)
You throw a throwing net.
The throwing net closely misses the gnoll.
The gnoll completely misses you.
Unknown command.
Throw: 2 throwing nets
Press: ? - help, Q - select action Shift-Dir - straight line, f/p - gnoll
Aim: a gnoll, wielding a +0 spear (63% to hit)
You throw a throwing net.
The throwing net barely misses the gnoll.
The gnoll hits you from afar with a +0 spear!
You die...

#..######...........# #..#
#.#.........####
##..######.####..#.......
......(.(..............##
.........###.#...#..)#.##
####r.................
#..J..#g###.#.#.#.......
#...:.#.......#...#.#.#.
#.....#@...######.#.#...
#.gr.r#.#..#......#.#.## #.
#.....#.#..#.########.##
#..#######................#
#.#.....#..#..#.#.#..####.#
#.....#†.......#.#..# #.#
#.#######†...#.........####.#
............##...#..........
###.............#....####..


You could see a gnoll and a quokka.

Vanquished Creatures
  3 endoplasms (D:1)
  2 giant cockroaches (D:1)
  3 goblins (D:1)
  A hobgoblin (D:1)
  3 quokkas (D:1)
  2 ball pythons (D:1)
  A bat (D:1)
  2 frilled lizards (D:1)
  2 kobolds (D:1)
  2 rats (D:1)
21 creatures vanquished.

Notes
Turn   | Place    | Note
-------+----------+-------------------------------------------
     0 | D:1      | emm the Demonspawn Gladiator began the quest for the Orb.
     0 | D:1      | Reached XP level 1. HP: 16/16 MP: 1/1
   323 | D:1      | Gained mutation: Your demonic aura sometimes causes spilled
                  | blood to erupt in flames. [demonic ancestry]
   323 | D:1      | Reached XP level 2. HP: 21/22 MP: 2/2
   753 | D:1      | Slain by a gnoll

Illustrated notes

Levels and vault maps discovered:
D:1:      saegor_arrival_simple_d, layout_basic,
          shapermc_ecumenical_altar_mp_vishouse, kennysheep_flooded_box,
          minmay_3d_cube

Skill      XL: |  1  2 |
---------------+-------+-----
Dodging        | 3 |  3.1
Axes           | 3 |  3.0
Fighting       | |  2.0
Throwing       | |  1.7
Armour         | |  0.6

Action                   || total
-------------------------++-------
Melee: War axe           ||    54
Throw: Throwing net      ||     2
Armor: Leather armour    ||    27
Dodge: Dodged            ||    52
